 Dungeon Crawl Stone Soup version 0.23.0 (webtiles) character file.

Game seed: 17578679942016834528

4743 LostNumber the Summoner (level 10, -1/124 HPs)
             Began as a Purple Draconian Summoner on Feb 17, 2019.
             Was a Believer of Kikubaaqudgha.
             Slain by an unseen horror (7 damage)
             ... on level 10 of the Dungeon.
             The game lasted 00:22:11 (11058 turns).

LostNumber the Summoner (DrSu)                     Turns: 11058, Time: 00:22:12

Health: -1/124     AC: 10    Str: 15    XL:     10   Next: 22%
Magic:  20/20      EV: 15    Int: 20    God:    Kikubaaqudgha [**....]
Gold:   525        SH:  0    Dex: 11    Spells: 5/22 levels left

rFire    . . .     SeeInvis .   k - +1 spear (venom)
rCold    . . .     Gourm    .   (no shield)
rNeg     . . .     Faith    .   (armour unavailable)
rPois    .         Spirit   .   (helmet restricted)
rElec    .         Reflect  .   z - +0 cloak
rCorr    +         Harm     .   w - +1 pair of gloves
MR       +....                  (no boots)
Stlth    ..........             B - amulet of the acrobat
HPRegen  0.30/turn              j - ring of resist corrosion
MPRegen  0.17/turn              H - +1 ring of evasion

@: berserking (expiring), very quick
A: breathe power, unfitting armour, cold-blooded, AC +7
a: Breathe Dispelling Energy, Receive Corpses, Renounce Religion


You were on level 10 of the Dungeon.
You worshipped Kikubaaqudgha.
Kikubaaqudgha was pleased with you.
You were not hungry.

You visited 2 branches of the dungeon, and saw 11 of its levels.
You also visited: Ossuary.

You collected 633 gold pieces.
You spent 108 gold pieces at shops.

Inventory:

Hand Weapons
 a - a +0 spear
   (You found it on level 1 of the Dungeon)
 k - a +1 spear of venom (weapon)
   (You took it off a gnoll on level 7 of the Dungeon)
 q - a +0 trident
   (You found it on level 3 of the Dungeon)
 K - a +2 spear of flaming
   (You found it on level 4 of the Dungeon)
Missiles
 D - 3 throwing nets (quivered) {!f}
Armour
 w - a +1 pair of gloves (worn)
   (You found it on level 5 of the Dungeon)
 z - a +0 cloak (worn)
   (You found it on level 5 of the Dungeon)
Jewellery
 j - a ring of resist corrosion (left hand)
   (You found it on level 2 of the Dungeon)
 y - an uncursed ring of stealth
   (You found it on level 5 of the Dungeon)
 B - an amulet of the acrobat (around neck)
   (You found it on level 7 of the Dungeon)
 H - a +1 ring of evasion (right hand)
   (You found it on level 6 of the Dungeon)
Wands
 c - a wand of disintegration (11)
   (You found it on level 6 of the Dungeon)
 d - a wand of iceblast (23)
   (You found it on level 5 of the Dungeon)
 t - a wand of flame (48)
   (You found it on level 4 of the Dungeon)
 u - a wand of paralysis (8)
   (You took it off an orc wizard on level 10 of the Dungeon)
 v - a wand of digging (5)
   (You found it on level 9 of the Dungeon)
 x - a wand of acid (9)
   (You found it on level 5 of the Dungeon)
 I - a wand of polymorph (7)
   (You found it on level 8 of the Dungeon)
Scrolls
 f - 2 scrolls of remove curse {@r2}
 g - a scroll of teleportation {unknown}
 l - 2 scrolls of enchant armour {unknown}
 s - a scroll of fear
 J - a scroll of silence {unknown}
Potions
 b - a potion of might
 h - 4 potions of curing {@q1}
 i - a potion of flight
 m - a potion of magic {unknown}
 n - 2 potions of haste {@q3}
 o - 3 potions of brilliance
 p - 4 potions of resistance {unknown}
 A - a potion of cancellation {unknown}
 C - a potion of agility {unknown}
 E - a potion of mutation {unknown}
 F - 4 potions of heal wounds {@q2}
 G - 2 potions of ambrosia
 L - 2 potions of lignification {!q}
Comestibles
 e - 18 rations {!d}
 M - 6 chunks of flesh


   Skills:
 + Level 6.2 Fighting
 * Level 5.5 Polearms
 + Level 5.5 Dodging
 - Level 1.7 Stealth
 + Level 6.9 Spellcasting
 - Level 8.0 Summonings
 - Level 4.0 Ice Magic
 - Level 5.0 Air Magic
 + Level 0.1 Evocations


You had 5 spell levels left.
You knew the following spells:

 Your Spells              Type           Power        Failure   Level  Hunger
a - Summon Small Mammal   Summ           ####         1%          1    None
c - Call Canine Familiar  Summ           #####...     1%          3    #......
d - Summon Ice Beast      Ice/Summ       ####....     9%          4    ###....
e - Regeneration          Chrm/Necr      #.........   28%         3    #......
x - Call Imp              Summ           #####...     1%          2    None
z - Summon Lightning Spi  Summ/Air       ####....     6%          4    ###....

Your spell library contained the following spells:

 Spells                   Type           Power        Failure   Level  Hunger
 Summon Guardian Golem    Hex/Summ       ###.....     5%          3    #......
 Pain                     Necr           #...         10%         1    None
 Corpse Rot               Necr           N/A          14%         2    None
 Sublimation of Blood     Necr           #.........   14%         2    None


Dungeon Overview and Level Annotations

Branches:
Dungeon (10/15)            Temple (1/1) D:7
   Lair: D:8-11         Orc: D:9-12

Altars:
Ashenzari
Cheibriados
Dithmenos
Elyvilon
Fedhas
Gozag
Kikubaaqudgha
Makhleb
Okawaru
Qazlal
Ru
Trog
Vehumet
Wu Jian
Xom
Yredelemnul
Zin
The Shining One

Shops:
D:4 !

Annotations:
D:3 3 runed translucent doors, exclusions: 2 doors and 1 more exclusion, TheNamelessOne's ghost, amateur FoSk


Innate Abilities, Weirdness & Mutations

You can breathe bolts of dispelling energy.
Your rich purple scales are hard. (AC +7)
You cannot fit into any form of body armour.
You are cold-blooded and may be slowed by cold attacks.


Message History

Something hits you!
Your hound barely misses something.
You barely miss something. You tail-slap something.
Something hits you but does no damage.
Your hound closely misses something.
Something barely misses your hound.
You barely miss something. Something hits you.
* * * LOW HITPOINT WARNING * * *
Something hits you!
* * * LOW HITPOINT WARNING * * *
Your hound barely misses something.
Unknown command.
You closely miss something. Something hits you!
* * * LOW HITPOINT WARNING * * *
Your hound barely misses something.
Something hits your hound!
Your hound dies!
Your hound's corpse disappears in a puff of smoke!
A red film seems to cover your vision as you go berserk!
You feel yourself moving faster!
You feel mighty! Something hits you.
* * * LOW HITPOINT WARNING * * *
Attack whom?
Aim: Disturbance (purple smoke)
You reach to attack!
You miss something. Something hits you.
* * * LOW HITPOINT WARNING * * *
You closely miss something. Something hits you.
* * * LOW HITPOINT WARNING * * *
You hit something. Something hits you.
* * * LOW HITPOINT WARNING * * *
Something completely misses you.
You hit something. You tail-slap something! You barely miss something.
Something hits you!
* * * LOW HITPOINT WARNING * * *
You are too berserk!
You swing at nothing.
Something barely misses you.
Attack whom?
You reach to attack!
You attack empty space.
You feel a strong urge to attack something.
Something barely misses you.
Attack whom?
You reach to attack!
You hit something but do no damage. Something hits you!
You die...
Kikubaaqudgha rasps: "You have failed me!
Welcome... death!"

...# #.# ...# #†#
#### #÷# #.# #.#
#### ## #.##
#......### #..#
##..# ......#
##.######..#
#......#
#...@{...####..?...#
#...##....$........#
#...##(............#
#...##(..........#
#...##.........(.+
#...##...........#
######...........#
#(..........#
#)..........#


There were no monsters in sight!

Vanquished Creatures
  Prince Ribbit (D:7)
  3 hippogriffs
  2 yaks (D:10)
  2 water moccasins
  An orc warrior (D:9)
  2 phantoms
  2 centaurs
  2 big kobolds
  2 bullfrogs (D:7)
  2 water moccasin zombies (Ossuary)
  A wyvern skeleton (D:6)
  6 scorpions
  2 howler monkeys (D:9)
  A quasit (D:6)
  A crimson imp (D:7)
  3 hounds
  3 jellies
  3 orc priests
  2 centaur skeletons
  2 orc wizards
  2 iguanas
  3 worker ants
  A big kobold zombie (Ossuary)
  A hound zombie (D:7)
  A mummy (Ossuary)
  8 gnolls
  2 howler monkey zombies
  5 adders
  A shadow imp (D:7)
  An ooze (D:1)
  4 adder zombies (Ossuary)
  An adder skeleton (D:4)
  A worm (D:4)
  A dart slug (D:2)
  4 leopard geckos
  20 orcs
  3 ball pythons
  3 giant cockroaches
  A gnoll zombie (Ossuary)
  8 goblins
  2 hobgoblins (D:2)
  9 jackals
  9 kobolds
  3 quokkas
  4 bats
  3 frilled lizards
  4 hobgoblin zombies (Ossuary)
  A jackal skeleton (D:5)
  3 kobold zombies (Ossuary)
  6 orc zombies (Ossuary)
  3 rats
  A plant (D:7)
162 creatures vanquished.

Vanquished Creatures (collateral kills)
  Harold (D:7)
  Psyche (D:8)
  A troll (D:8)
  A yak (D:10)
  A water moccasin (D:10)
  Duvessa (D:5)
  An orc warrior (D:9)
  A sky beast (D:6)
  2 ogres
  A big kobold (D:8)
  Dowan (D:5)
  A wyvern skeleton (D:9)
  A water moccasin skeleton (D:6)
  A water moccasin zombie (Ossuary)
  2 scorpions (D:5)
  4 wights (D:7)
  A howler monkey (D:5)
  A jelly (D:8)
  4 orc priests
  4 orc wizards
  2 worker ants
  A big kobold zombie (Ossuary)
  A mummy (Ossuary)
  Robin (D:2)
  3 gnolls (D:7)
  7 adders
  2 shadow imps
  7 adder zombies
  A dart slug (D:5)
  2 leopard geckos (D:9)
  10 orcs
  A bat (D:2)
  2 goblins (D:2)
  3 hobgoblins
  5 jackals
  3 kobolds (D:10)
  A quokka (D:6)
  2 hobgoblin zombies (Ossuary)
  3 kobold zombies (Ossuary)
  2 orc zombies (Ossuary)
  3 rats
93 creatures vanquished.

Vanquished Creatures (others)
  A worker ant (D:4)
  A leopard gecko (D:4)
  An orc (D:4)
  A quokka (D:4)
4 creatures vanquished.

Grand Total: 259 creatures vanquished

Notes
Turn   | Place    | Note
-------+----------+-------------------------------------------
     0 | D:1      | LostNumber the Draconian Summoner began the quest for the
                  | Orb.
     0 | D:1      | Reached XP level 1. HP: 14/14 MP: 3/3
   113 | D:1      | Reached XP level 2. HP: 16/22 MP: 5/5
   625 | D:1      | Learned a level 2 spell: Call Imp
   675 | D:2      | Reached skill level 1 in Fighting
   731 | D:2      | Reached XP level 3. HP: 16/28 MP: 1/6
   980 | D:2      | Learned a level 3 spell: Call Canine Familiar
  1072 | D:2      | Noticed Robin
  1088 | D:2      | Killed Robin
  1325 | D:2      | Reached XP level 4. HP: 32/35 MP: 7/7
  1514 | D:2      | Reached skill level 1 in Polearms
  1881 | D:3      | Found a runed translucent gate.
  1882 | D:3      | Found a runed translucent gate.
  1883 | D:3      | Found a runed translucent gate.
  1883 | D:3      | Noticed TheNamelessOne's ghost (amateur FoSk)
  1907 | D:3      | Found an opulent altar of Gozag.
  2003 | D:3      | Found a faded altar of an unknown god.
  2669 | D:4      | Reached skill level 5 in Summonings
  2669 | D:4      | Reached XP level 5. HP: 20/41 MP: 3/9
  2967 | D:4      | Found Taynuiq's Distillery.
  2977 | D:4      | Bought a potion of heal wounds for 60 gold pieces
  2977 | D:4      | Bought a potion of might for 48 gold pieces
  3065 | D:4      | Reached XP level 6. HP: 13/48 MP: 4/10
  3442 | D:4      | Learned a level 4 spell: Summon Lightning Spire
  3492 | D:4      | Found a shimmering altar of Xom.
  3927 | D:5      | Entered Level 5 of the Dungeon
  3937 | D:5      | Noticed Duvessa
  3939 | D:5      | Noticed Dowan
  3939 | D:5      | Reached skill level 1 in Air Magic
  3946 | D:5      | Killed Duvessa
  3949 | D:5      | Killed Dowan
  4135 | D:5      | Found a snail-covered altar of Cheibriados.
  4175 | D:5      | Your scales start taking on a rich purple colour.
  4175 | D:5      | Reached XP level 7. HP: 53/56 MP: 13/13
  5153 | D:6      | Reached skill level 6 in Summonings
  5153 | D:6      | Reached XP level 8. HP: 36/66 MP: 15/15
  5394 | D:6      | Found a radiant altar of Vehumet.
  5410 | D:6      | Found a glowing silver altar of Zin.
  5413 | D:6      | Found a stormy altar of Qazlal.
  5416 | D:6      | Found a shattered altar of Ashenzari.
  5493 | D:6      | Learned a level 4 spell: Summon Ice Beast
  5562 | D:6      | Reached skill level 5 in Spellcasting
  6024 | D:6      | Reached skill level 1 in Ice Magic
  6330 | D:7      | Found a shimmering altar of Xom.
  6665 | D:7      | Found a staircase to the Ecumenical Temple.
  6699 | Temple   | Entered the Ecumenical Temple
  6833 | Temple   | Became a worshipper of Kikubaaqudgha
  6872 | D:7      | Found a sand-covered staircase.
  6881 | Ossuary  | Entered an ossuary
  7116 | Ossuary  | Reached * piety under Kikubaaqudgha
  7116 | Ossuary  | Identified Kikubaaqudgha's Incunabulum of Evil Secrets
                  | (Kikubaaqudgha gifted it to you in an ossuary)
  7116 | Ossuary  | Received a gift from Kikubaaqudgha
  7124 | Ossuary  | Learned a level 3 spell: Regeneration
  7452 | D:7      | Reached XP level 9. HP: 67/73 MP: 14/17
  7457 | D:7      | Noticed Prince Ribbit
  7464 | D:7      | Killed Prince Ribbit
  7735 | D:7      | Found a bloodstained altar of Trog.
  7736 | D:7      | Found an iron altar of Okawaru.
  7834 | D:7      | Reached skill level 5 in Fighting
  7869 | D:7      | Noticed Harold
  7890 | D:7      | Killed Harold
  8592 | D:8      | Reached skill level 7 in Summonings
  8896 | D:8      | Found a stormy altar of Qazlal.
  8905 | D:8      | Noticed a troll
  8929 | D:8      | Killed a troll
  8929 | D:8      | Reached skill level 5 in Air Magic
  9411 | D:8      | Reached skill level 5 in Dodging
  9482 | D:8      | Noticed Psyche
  9497 | D:8      | Killed Psyche
  9497 | D:8      | Reached ** piety under Kikubaaqudgha
  9601 | D:9      | Found a sacrificial altar of Ru.
  9669 | D:9      | Reached skill level 5 in Polearms
 10139 | D:9      | Reached XP level 10. HP: 69/83 MP: 14/19
 10251 | D:10     | Entered Level 10 of the Dungeon
 10993 | D:10     | Reached skill level 8 in Summonings
 11055 | D:10     | HP: 5/124 [something (9)]
 11058 | D:10     | Slain by an unseen horror

Skill      XL: |  1  2  3  4  5  6  7  8  9 10 |
---------------+-------------------------------+-----
Dodging        | 2 3 4 5 |  5.5
Fighting       | 1 2 3 4 5 6 |  6.2
Polearms       | 1 2 3 4 5 |  5.5
Summonings     | 5 6 7 8 |  8.0
Spellcasting   | 3 4 5 6 |  6.9
Air Magic      | 1 3 4 5 |  5.0
Ice Magic      | 2 4 |  4.0
Stealth        | |  1.7
Evocations     | |  0.1

Action                   |  1- 3 |  4- 6 |  7- 9 | 10-12 || total
-------------------------+-------+-------+-------+-------++-------
Melee: Unarmed           |    53 |       |       |       ||    53
       Tailslap          |     7 |     6 |    36 |     9 ||    58
       Spear             |    55 |   100 |   551 |    83 ||   789
       Trident           |       |    45 |       |       ||    45
 Cast: Summon Small Mamm |     6 |       |       |       ||     6
       Call Imp          |     8 |    20 |    16 |       ||    44
       Call Canine Famil |     1 |     3 |    25 |     3 ||    32
       Summon Lightning  |       |       |    15 |     6 ||    21
       Summon Ice Beast  |       |       |     1 |       ||     1
 Abil: Breathe Dispellin |       |       |     3 |       ||     3
  Use: Scroll            |       |     5 |    10 |       ||    15
       Potion            |       |       |       |     1 ||     1
 Stab: Sleeping          |     1 |     2 |     8 |       ||    11
       Distracted        |       |       |     9 |     1 ||    10
  Eat: Chunk             |     2 |    11 |    16 |     4 ||    33
       Ration            |       |       |     2 |       ||     2
Armor: Skin              |    35 |    22 |   129 |    17 ||   203
Dodge: Dodged            |    59 |    63 |   240 |    42 ||   404
